 Dungeon Crawl Stone Soup version 0.27.0-1-g7a089689b8 (webtiles) character file.

Game seed: 12759306579858030679

886 Armakuni the Magician (level 7, -3/44 HPs)
             Began as a Deep Elf Brigand on Aug 7, 2021.
             Was a Believer of Vehumet.
             Slain by a wraith (9 damage)
             ... on level 5 of the Dungeon.
             The game lasted 00:16:08 (4697 turns).

Armakuni the Magician (Deep Elf Brigand)            Turns: 4697, Time: 00:16:08

Health: -3/44      AC:  4    Str: 10    XL:     7   Next: 77%
Magic:  16/16      EV: 12    Int: 16    God:    Vehumet [**....]
Gold:   168        SH:  0    Dex: 16    Spells: 11/16 levels left

rFire    . . .     SeeInvis +   a - +3 rapier (venom)
rCold    . . .     Faith    .   (no shield)
rNeg     . . .     Spirit   .   o - +0 robe
rPois    +         Reflect  .   t - +0 helmet
rElec    .         Harm     .   c - +0 cloak
rCorr    .         Rampage  .   (no gloves)
Will     .....                  (no boots)
Stlth    +++.......             R - amulet of regeneration
HPRegen  1.14/turn              I - ring of see invisible
MPRegen  0.15/turn              P - ring of poison resistance

@: about to teleport, slowed, very slow
A: no striking features
a: Renounce Religion


You were on level 5 of the Dungeon.
You worshipped Vehumet.
Vehumet was pleased with you.
You visited 1 branch of the dungeon, and saw 5 of its levels.

You collected 231 gold pieces.
You spent 63 gold pieces at shops.

Inventory:

Hand Weapons
 a - a +3 rapier of venom (weapon)
 b - a +1 rapier of draining
Missiles
 d - 17 poisoned darts
 e - a curare-tipped dart
Armour
 c - a +0 cloak (worn)
 j - a +0 ring mail
 o - a +0 robe (worn)
 t - a +0 helmet (worn)
 C - a +0 leather armour
Jewellery
 g - a ring of resist corrosion
 r - a ring of protection from fire
 I - a ring of see invisible (left hand)
 J - a ring of ice
 P - a ring of poison resistance (right hand)
 R - an amulet of regeneration (around neck)
 V - a +6 ring of strength
Scrolls
 i - a scroll of teleportation
 x - 2 scrolls of magic mapping {unknown}
 y - 2 scrolls of fear
 A - a scroll of identify
Potions
 f - a potion of degeneration {unknown}
 h - a potion of flight
 l - 3 potions of attraction
 n - a potion of haste
 u - a potion of curing {unknown}
 v - a potion of cancellation {unknown}
 w - a potion of invisibility {unknown}
 z - a potion of heal wounds {unknown}


   Skills:
 - Level 4.6 Fighting
 - Level 2.0 Short Blades
 - Level 2.0 Throwing
 - Level 1.2 Dodging
 - Level 4.8 Stealth
 + Level 5.1 Spellcasting
 + Level 4.2 Conjurations
 + Level 4.1 Fire Magic


You had 11 spell levels left.
You knew the following spells:

 Your Spells              Type           Power      Damage    Failure   Level
s - Sticky Flame          Conj/Fire      17%        2d4       26%         4
z - Shock                 Conj/Air       40%        1d5       6%          1

Your spell library contained the following spells:

 Spells                   Type           Power      Damage    Failure   Level
 Conjure Flame            Conj/Fire      17%        6-21      9%          3
 Stone Arrow              Conj/Erth      20%        3d8       19%         3
 Ignite Poison            Fire/Tmut/Pois 8%         N/A       26%         3
 Bolt of Magma            Conj/Fire/Erth 6%         4d6       78%         5
 Shatter                  Erth           2%         3d6*      100%        9


Dungeon Overview and Level Annotations

Branches:
Dungeon (5/15)             Temple (0/1) D:5

Altars:
Kikubaaqudgha
Nemelex Xobeh
Uskayaw
Vehumet

Shops:
D:4 [


Message History

Aim: a wraith (68% to hit)
The zap hits the wraith.
The wraith is lightly damaged.
The zap hits the wraith.
The wraith is lightly damaged.
The wraith completely misses you.
Aiming: Shock (safe; 6% risk of failure)
Press: ? - help, Q - select action, (/) - cycle Shift-Dir - straight line, f/p - wraith
Aim: a wraith (lightly damaged, 68% to hit)
The zap hits the wraith but does no damage.
The wraith is lightly damaged.
The zap misses the wraith.
The wraith completely misses you. The wraith hits you!
The wraith drains your vigour!
You feel as though you will be slow longer.
You barely miss the orc. The orc hits you with a +0 mace. The wraith hits you.
The wraith drains your vigour!
You feel as though you will be slow longer.
You hit the orc.
You kill the orc!
Vehumet accepts your kill.
You feel your power returning. The wraith hits you!
* * * LOW HITPOINT WARNING * * *
The wraith drains your vigour!
You feel as though you will be slow longer.
The wraith hits you.
* * * LOW HITPOINT WARNING * * *
The wraith drains your vigour!
You feel as though you will be slow longer.
The wraith hits you!
* * * LOW HITPOINT WARNING * * *
The wraith drains your vigour!
You feel as though you will be slow longer.
Okay, then.
Okay, then.
Unknown command.
As you read the scroll of teleportation, it crumbles to dust.
You feel strangely unstable. The wraith misses you. The wraith hits you!
You die...

.#...###.#.....#.#... ###ZS.....#
............#.......###...##.#..#
...##...##..##............#####..
............######...###......##.
........##..##.......#...........
....##.####...)..................
..#.....###......##....##....>...
. #..#...........##...#####......
..#..........@##)...# ##..... .
...Z........W.....# #.W...
...†..........#...## ##.##..
..#..........###...##...###.
.##.........#####.....# ....
##.........#'#.###....#....#
##.........###._ ##........#
#...[.......#'#.###.........# ###
#............#####........###


You could see a wraith.

Vanquished Creatures
  Eustachio (D:5)
  3 ogres
  2 scorpions (D:5)
  A howler monkey (D:5)
  2 hounds (D:5)
  An orc priest (D:5)
  An iguana (D:5)
  A hound zombie (D:5)
  3 hound skeletons (D:4)
  6 adders
  A shadow imp (D:3)
  An ufetubus (D:5)
  4 dart slugs
  4 orcs
  10 ball pythons
  4 bats
  8 endoplasms
  3 giant cockroaches (D:1)
  8 goblins
  7 hobgoblins
  14 jackals
  A quokka (D:1)
  5 frilled lizards
  A jackal skeleton (D:4)
  4 kobolds
  11 rats
107 creatures vanquished.

Vanquished Creatures (collateral kills)
  An iguana (D:5)
1 creature vanquished.

Vanquished Creatures (others)
  4 plants (D:2)
4 creatures vanquished.

Grand Total: 112 creatures vanquished

Notes
Turn   | Place    | Note
-------+----------+-------------------------------------------
     0 | D:1      | Armakuni the Deep Elf Brigand began the quest for the Orb.
     0 | D:1      | Reached XP level 1. HP: 12/12 MP: 3/3
   149 | D:1      | Reached XP level 2. HP: 15/17 MP: 4/4
   678 | D:1      | Reached XP level 3. HP: 22/22 MP: 5/5
  1182 | D:2      | Found an ancient bone altar of Kikubaaqudgha.
  1553 | D:2      | Found a faded altar of an unknown god.
  2080 | D:3      | Found a radiant altar of Vehumet.
  2101 | D:3      | Became a worshipper of Vehumet
  2149 | D:3      | Reached XP level 4. HP: 28/28 MP: 6/6
  2338 | D:3      | Noticed an ogre
  2423 | D:3      | Killed an ogre
  2424 | D:3      | Reached XP level 5. HP: 34/34 MP: 7/7
  2444 | D:3      | Reached * piety under Vehumet
  2444 | D:3      | Offered knowledge of Freeze by Vehumet.
  2450 | D:3      | Learned a level 4 spell: Sticky Flame
  3102 | D:4      | Found Xiomnur's Armour Shop.
  3113 | D:4      | Bought a +0 helmet for 63 gold pieces
  3138 | D:4      | Reached skill level 1 in Spellcasting
  3179 | D:4      | Found a hide-covered altar of Uskayaw.
  3186 | D:4      | Reached skill level 1 in Conjurations
  3203 | D:4      | Noticed an ogre
  3220 | D:4      | Killed an ogre
  3221 | D:4      | Reached skill level 2 in Spellcasting
  3221 | D:4      | Reached skill level 1 in Fire Magic
  3221 | D:4      | Reached XP level 6. HP: 28/39 MP: 8/11
  3586 | D:4      | Offered knowledge of Shock by Vehumet.
  3590 | D:4      | Learned a level 1 spell: Shock
  3623 | D:4      | Reached skill level 3 in Spellcasting
  3623 | D:4      | Reached ** piety under Vehumet
  4043 | D:5      | Entered Level 5 of the Dungeon
  4084 | D:5      | Noticed a water moccasin
  4119 | D:5      | Reached XP level 7. HP: 22/44 MP: 5/14
  4197 | D:5      | Reached skill level 4 in Spellcasting
  4320 | D:5      | Noticed Eustachio
  4388 | D:5      | Killed Eustachio
  4570 | D:5      | Reached skill level 5 in Spellcasting
  4609 | D:5      | Found a sparkling altar of Nemelex Xobeh.
  4623 | D:5      | Found a staircase to the Ecumenical Temple.
  4672 | D:5      | Noticed a wraith
  4695 | D:5      | HP: 2/44 [wraith (11)]
  4697 | D:5      | Slain by a wraith

Illustrated notes

Levels and vault maps discovered:
D:1:      amcnicky_arrival_wind_blow, layout_basic
D:2:      layout_loops_ring, serial_forest, infiniplex_forest_lined_room_3,
          infiniplex_forest_lined_2, infiniplex_forest_corner_2,
          infiniplex_forest_lined_room_2, infiniplex_forest_end_double,
          infiniplex_forest_straight_2, infiniplex_forest_end_3,
          infiniplex_forest_straight_3, infiniplex_forest_end_3, basic_altar,
          dilly_ecumenical_altar_fadedgnrine, minmay_misc_feat_doors
D:3:      layout_basic, nicolae_vehumet_radiance, serial_glass, glass_columns_c,
          glass_columns_a, st_stairs_5
D:4:      layout_basic, nicolae_overflow_crystal_walls, serial_shops,
          nicolae_shop_statue_plus
D:5:      layout_cave_pools, nemelex_diamond_rough_becter,
          minmay_temple_entry_offerings, chequers_avenue, uniq_eustachio

Skill      XL: |  1  2  3  4  5  6  7 |
---------------+----------------------+-----
Fighting       | 2 3 4 |  4.6
Spellcasting   | 2 3 5 |  5.1
Conjurations   | 1 3 4 |  4.2
Fire Magic     | 1 3 4 |  4.1
Short Blades   | |  2.0
Throwing       | |  2.0
Dodging        | |  1.2
Stealth        | |  4.8

Action                   |  1- 3 |  4- 6 |  7- 9 || total
-------------------------+-------+-------+-------++-------
Melee: Dagger            |    94 |   223 |     8 ||   325
       Rapier            |       |       |    15 ||    15
Throw: Dart              |    41 |    37 |    15 ||    93
 Cast: Shock             |       |    17 |    35 ||    52
  Use: Scroll            |     1 |     5 |     7 ||    13
       Potion            |       |     1 |       ||     1
 Stab: Sleeping          |     8 |     3 |       ||    11
       Distracted        |       |     1 |       ||     1
Armor: Robe              |    22 |    58 |    23 ||   103
Dodge: Dodged            |    54 |   186 |    72 ||   312
